 Dungeon Crawl Stone Soup version 0.26.1-2-gb8aa6d0cf2 (webtiles) character file.

Game seed: 16918833386392856539

1010 FishyPogo the Scholar of Death (level 8, -1/52 HPs)
             Began as a Vampire Necromancer on Feb 25, 2021.
             Was a Follower of Kikubaaqudgha.
             Slain by Dowan
             ... wielding a +0 dagger
              (4 damage)
             ... on level 6 of the Dungeon.
             The game lasted 00:23:38 (5846 turns).

FishyPogo the Scholar of Death (VpNe)               Turns: 5846, Time: 00:23:39

Health: -1/52      AC: 11    Str:  7    XL:     8   Next: 1%
Magic:  0/12       EV: 14    Int: 20    God:    Kikubaaqudgha [*.....]
Gold:   221        SH:  5    Dex: 14    Spells: 2/13 levels left

rFire    + . .     SeeInvis +     - Unarmed
rCold    . . .     Faith    .   (no shield)
rNeg     . . .     Spirit   .   a - +0 robe
rPois    +         Reflect  +   (no helmet)
rElec    .         Harm     .   (no cloak)
rCorr    .         Rampage  .   (no gloves)
Will     .....                  k - +2 pair of boots
Stlth    +++.......             b - amulet of reflection
HPRegen  0.37/turn              x - ring of poison resistance
MPRegen  0.13/turn              w - +4 ring of protection

@: regenerating quickly
A: fangs 3, iridescent scales 1, see invisible, fire resistance 1, unbreathing
a: Exsanguinate, Renounce Religion, Receive Corpses


You were on level 6 of the Dungeon.
You worshipped Kikubaaqudgha.
Kikubaaqudgha was aware of your devotion.
You visited 1 branch of the dungeon, and saw 6 of its levels.

You collected 221 gold pieces.

Inventory:

Hand Weapons
 y - a +1 hand axe of freezing
Missiles
 d - 3 throwing nets
 e - 19 poisoned darts
 h - 208 stones
Armour
 a - a +0 robe (worn)
 k - a +2 pair of boots (worn)
 o - a cursed +0 leather armour
Jewellery
 b - an amulet of reflection (around neck)
 u - an uncursed ring of protection from fire
 w - a +4 ring of protection (right hand)
 x - a ring of poison resistance (left hand)
Wands
 l - a wand of acid (10)
 m - a wand of random effects (11)
 r - a wand of iceblast (22)
Scrolls
 c - 3 scrolls of immolation
 f - a scroll of blinking
 g - 2 scrolls of random uselessness
 i - 3 scrolls of amnesia
 j - 9 scrolls of identify
 n - a scroll of fog {unknown}
 q - a scroll of remove curse
 t - 2 scrolls of magic mapping


   Skills:
 + Level 4.5 Dodging
 + Level 6.6 Stealth
 - Level 3.0 Unarmed Combat
 - Level 3.0 Spellcasting
 + Level 4.2 Hexes
 * Level 7.5 Necromancy


You had 2 spell levels left.
You knew the following spells:

 Your Spells              Type           Power        Failure   Level
a - Pain                  Necr           100%         1%          1
c - Vampiric Draining     Necr           16%          1%          3
l - Ensorcelled Hibernat  Hex/Ice        22%          9%          2
u - Animate Dead          Necr           16%          6%          4
y - Animate Skeleton      Necr           66%          1%          1

Your spell library contained the following spells:

 Spells                   Type           Power        Failure   Level
 Sublimation of Blood     Necr           16%          1%          2
 Corona                   Hex            22%          2%          1
 Corpse Rot               Necr/Air       N/A          4%          2
 Confusing Touch          Hex            20%          8%          3
 Tukima's Dance           Hex            20%          8%          3
 Agony                    Necr           33%          17%         5
 Dazzling Flash           Conj/Hex       22%          19%         3


Dungeon Overview and Level Annotations

Branches:
Dungeon (6/15)
 Temple: D:4-7

Altars:
Dithmenos
Fedhas
Kikubaaqudgha
Ru
Sif Muna
Wu Jian
Xom
Yredelemnul

Annotations:
D:5 leNuup's ghost, amateur DrCj
D:6 Dowan


Innate Abilities, Weirdness & Mutations

Your natural rate of healing is unusually fast.
You have razor-sharp teeth.
You have supernaturally acute eyesight. (SInv)
You can survive without breathing.
You are partially covered in iridescent scales. (AC +2)
Your flesh is heat resistant. (rF+)


Message History

Aiming: Pain (safe; 1% risk of failure)
Press: ? - help, Shift-Dir - straight line, f/p - Dowan
Aim: Dowan, wielding a +0 dagger and wearing a +1 robe of cold resistance (lightly wounded, fast, chance to affect: 84%) Dowan writhes in agony!
Dowan hits you but does no damage. Dowan barely misses you.
The wight hits you but does no damage.
You hit Dowan but do no damage.
Dowan is heavily wounded.
Dowan hits you but does no damage.
You hit Dowan.
Dowan is heavily wounded.
Dowan points at you and mumbles some strange words.
The stone arrow misses you.
The stone arrow hits the wight!
You block the wight's attack.
Dowan breathes, "And she was my only..."
Dowan closely misses you.
You hit Dowan.
Dowan is severely wounded.
The wight hits you but does no damage. Dowan hits you with a +0 dagger.
You die...
Kikubaaqudgha rasps: "You have failed me!
Welcome... death!"

**,* *******,,****#y*
*,,* *,,,,,...* *,**
*,****#.#* *,* *,,,,,..#
##,** ##########.#####
#...######.......#.......
#.......##.##..e........?
#....##.##.##.##.#.......
*,*#...z@e....##.#..#..[.
*,*####.##.#####.#.>#....
*,,,,...##...,,..#......[
****##########*###.......
#..###.# ##......#
#.....### #.#.#.# #.....#


You could see Dowan (fast) and a wight.

Vanquished Creatures
  Duvessa (D:6)
  2 sky beasts
  A centaur (D:5)
  A bullfrog (D:6)
  A scorpion (D:3)
  A hound (D:6)
  A centaur zombie (D:4)
  2 orc priests (D:5)
  7 orc wizards
  2 worker ants (D:4)
  3 gnolls (D:5)
  3 adders
  A white imp (D:5)
  An ooze (D:1)
  A worm (D:3)
  A dart slug (D:1)
  2 leopard geckos
  9 orcs
  3 giant cockroaches
  4 goblins
  7 hobgoblins
  4 jackals (D:3)
  4 kobolds
  4 quokkas
  8 bats
  5 frilled lizards
  10 rats
  A butterfly (D:2)
90 creatures vanquished.

Vanquished Creatures (collateral kills)
  An orc wizard (D:4)
1 creature vanquished.

Grand Total: 91 creatures vanquished

Notes
Turn   | Place    | Note
-------+----------+-------------------------------------------
     0 | D:1      | FishyPogo the Vampire Necromancer began the quest for the
                  | Orb.
     0 | D:1      | Reached XP level 1. HP: 13/13 MP: 3/3
   192 | D:1      | Learned a level 1 spell: Animate Skeleton
   289 | D:1      | Reached XP level 2. HP: 18/19 MP: 3/5
   826 | D:1      | Reached skill level 1 in Unarmed Combat
   928 | D:2      | Reached XP level 3. HP: 22/24 MP: 3/6
   932 | D:2      | Learned a level 3 spell: Vampiric Draining
  1023 | D:2      | Found a shimmering altar of Xom.
  1828 | D:2      | Found a shimmering blue altar of Sif Muna.
  1831 | D:2      | Found a sacrificial altar of Ru.
  1836 | D:2      | Found an ornate altar of the Wu Jian Council.
  1836 | D:2      | Found a basalt altar of Yredelemnul.
  1836 | D:2      | Found an ancient bone altar of Kikubaaqudgha.
  1839 | D:2      | Found a shadowy altar of Dithmenos.
  1848 | D:2      | Became a worshipper of Kikubaaqudgha
  2118 | D:3      | Noticed a scorpion
  2122 | D:3      | Killed a scorpion
  2123 | D:3      | Reached skill level 5 in Necromancy
  2123 | D:3      | Reached XP level 4. HP: 26/30 MP: 1/7
  2346 | D:3      | Found a blossoming altar of Fedhas.
  3355 | D:4      | Reached XP level 5. HP: 7/35 MP: 3/9
  3374 | D:4      | HP: 1/35 [centaur zombie (8)]
  3378 | D:4      | Gained mutation: You are partially covered in iridescent
                  | scales. (AC +2) [potion of mutation]
  3378 | D:4      | Gained mutation: You possess an exceptional clarity of
                  | mind. [potion of mutation]
  3378 | D:4      | Gained mutation: You are clumsy. (Dex -2) [potion of
                  | mutation]
  3378 | D:4      | Gained mutation: You have large cloven feet. [potion of
                  | mutation]
  3581 | D:4      | Learned a level 2 spell: Ensorcelled Hibernation
  3607 | D:4      | Reached skill level 1 in Hexes
  3813 | D:4      | Reached XP level 6. HP: 25/41 MP: 0/10
  4150 | D:4      | Reached skill level 6 in Necromancy
  4315 | D:4      | Reached * piety under Kikubaaqudgha
  4315 | D:4      | Identified Kikubaaqudgha's Compendium of Dark Magic
                  | (Kikubaaqudgha gifted it to you on level 4 of the Dungeon)
  4315 | D:4      | Received a gift from Kikubaaqudgha
  4316 | D:4      | Reached skill level 5 in Stealth
  4447 | D:5      | Entered Level 5 of the Dungeon
  4570 | D:5      | Reached XP level 7. HP: 40/46 MP: 0/11
  4693 | D:5      | Learned a level 4 spell: Animate Dead
  4721 | D:5      | Found a runed translucent door.
  4814 | D:5      | Noticed leNuup's ghost (amateur DrCj)
  4849 | D:5      | Lost mutation: You possess an exceptional clarity of mind.
                  | [potion of mutation]
  4849 | D:5      | Lost mutation: You have large cloven feet. [potion of
                  | mutation]
  4849 | D:5      | Lost mutation: You are clumsy. (Dex -2) [potion of
                  | mutation]
  4849 | D:5      | Gained mutation: Your flesh is heat resistant. (rF+)
                  | [potion of mutation]
  5630 | D:6      | Reached skill level 7 in Necromancy
  5791 | D:6      | Noticed Dowan
  5796 | D:6      | Noticed Duvessa
  5832 | D:6      | Killed Duvessa
  5833 | D:6      | Reached XP level 8. HP: 9/52 MP: 0/12
  5846 | D:6      | Slain by Dowan

Illustrated notes

Levels and vault maps discovered:
D:1:      tarquinn_simple_flora_water_e, layout_rooms, minmay_split_cup_small
D:2:      layout_loops_corners, minitemple, xom_butterflies
D:3:      layout_loops_corners, fedhas_altar_3
D:4:      layout_loops_ring
D:5:      layout_loops_cross, ebering_ghost_reflecting_pool,
          minmay_misc_feat_room, minmay_misc_feat_chi
D:6:      layout_loops_cross, nicolae_ossuary_entry_giza, uniq_duvessa

Skill      XL: |  1  2  3  4  5  6  7 |
---------------+----------------------+-----
Unarmed Combat | 1 2 3 |  3.0
Necromancy     | 5 6 7 |  7.5
Stealth        | 4 5 6 |  6.6
Dodging        | 3 4 |  4.5
Hexes          | 1 2 4 |  4.2
Spellcasting   | 3 |  3.0

Action                   |  1- 3 |  4- 6 |  7- 9 || total
-------------------------+-------+-------+-------++-------
Melee: Unarmed           |    20 |    61 |   107 ||   188
       Bite              |     2 |     3 |     9 ||    14
       Punch             |       |       |     2 ||     2
 Cast: Pain              |    65 |    97 |    58 ||   220
       Animate Skeleton  |     5 |     6 |     2 ||    13
       Ensorcelled Hiber |       |     1 |       ||     1
       Animate Dead      |       |       |     2 ||     2
Evoke: Wand              |       |       |     2 ||     2
  Use: Potion            |       |     5 |     6 ||    11
       Scroll            |       |     1 |    10 ||    11
 Stab: Sleeping          |       |     2 |     1 ||     3
Armor: Robe              |     3 |    32 |    59 ||    94
Dodge: Dodged            |    15 |    61 |    76 ||   152
Block: Other             |     5 |    16 |    28 ||    49
       Reflection        |       |     2 |       ||     2
